 Dungeon Crawl Stone Soup version 0.30-a0-591-g3c58d2bc28 (webtiles) character file.

Game seed: 8907652533570250429

26 Leeroy the Ducker (level 3, 0/26 HPs)
             Began as a Merfolk Transmuter on Aug 8, 2021.
             Slain by a rat (2 damage)
             ... on level 2 of the Dungeon on Jan 4, 2023.
             The game lasted 00:02:32 (1026 turns).

Leeroy the Ducker (Merfolk Transmuter)              Turns: 1026, Time: 00:02:33

Health: 0/26       AC:  2    Str: 10    XL:     3   Next: 8%
Magic:  6/6        EV: 13    Int: 14    God:
Gold:   47         SH:  0    Dex: 14    Spells: 5/6 levels left

rFire   . . .      SeeInvis .      - Unarmed
rCold   . . .      Faith    .    (no shield)
rNeg    . . .      Spirit   .    a - +0 robe
rPois   .          Reflect  .    (no helmet)
rElec   .          Harm     .    (no cloak)
rCorr   .          Rampage  .    (no gloves)
Will    .....                    (no boots)
Stlth   +                        (no amulet)
HPRegen 0.24/turn                (no ring)
MPRegen 0.10/turn                (no ring)

@: no status effects
A: (nimble swimmer 2), mertail
a: no special abilities


You were on level 2 of the Dungeon.
You visited 1 branch of the dungeon, and saw 2 of its levels.

You collected 47 gold pieces.

Inventory:

Hand Weapons
 d - a +0 dagger
Missiles
 b - 7 javelins
Armour
 a - a +0 robe (worn)
Scrolls
 c - a scroll of identify


   Skills:
 - Level 1.1 Fighting
 + Level 4.6 Dodging
 - Level 3.2 Unarmed Combat
 - Level 2.0 Spellcasting
 - Level 2.6 Transmutations


You had 5 spell levels left.
You knew the following spells:

 Your Spells              Type           Power      Damage    Failure   Level
a - Beastly Appendage     Tmut           16%        N/A       8%          1

Your spell library contained the following spells:

 Spells                   Type           Power      Damage    Failure   Level
 Wereblood                Tmut           8%         N/A       12%         2
 Spider Form              Tmut/Pois      5%         N/A       38%         3
 Ice Form                 Ice/Tmut       5%         N/A       80%         4


Dungeon Overview and Level Annotations

Branches:
Dungeon (2/15)

Altars:


Innate Abilities, Weirdness & Mutations

((You are very nimble when in or above water. (Stealth+, EV+, Speed+++)))
Your lower body shifts to a powerful aquatic tail in water.


Message History

* * * LOW HITPOINT WARNING * * *
You hit the giant cockroach.
You kill the giant cockroach!
The goblin closely misses you. The goblin hits you with a +0 dagger.
* * * LOW HITPOINT WARNING * * *
You hit the jackal. Your headbutt misses the jackal. You punch the jackal.
The jackal is severely wounded.
The jackal bites you.
* * * LOW HITPOINT WARNING * * *
The goblin completely misses you. The jackal misses you. The goblin misses you.
You closely miss the jackal. You headbutt the jackal.
You kill the jackal!
The quokka barely misses you. The goblin barely misses you.
The goblin hits you but does no damage.
You completely miss the quokka. The quokka bites you.
* * * LOW HITPOINT WARNING * * *
The goblin hits you with a +0 dagger.
* * * LOW HITPOINT WARNING * * *
The goblin closely misses you.
You closely miss the quokka.
Your horns disappear.
The quokka barely misses you. The goblin hits you with a +0 dagger.
* * * LOW HITPOINT WARNING * * *
The goblin completely misses you.
You aren't carrying any potions.
As you read the scroll labelled TETHIAMIFE, it crumbles to dust.
It is a scroll of identify.
e - a scroll of blinking The quokka closely misses you.
The goblin barely misses you. The goblin misses you.
Blink to where?
Press: ? - help, Dir - move target
As you read the scroll of blinking, it crumbles to dust.
There is an escape hatch in the floor here.
You slide downwards.
The hatch slams shut behind you.
The goblin shouts!
You hear an angry hiss.
An adder comes into view.
Found a grey potion.
Found a stone staircase leading down.
The rat attacks as you move away! The rat bites you.
You die...

...... .....
.#########
....
.........##
...####
..........##
.......
S..........#
...J#
..........>#
....#
...g.......#
....#
......r@...#
....#
....!......#
.......
..........##
....###
.........##
....#
##########
....# ....#
....# ...##


You could see an adder, a goblin and a rat.

Vanquished Creatures
  5 bats (D:1)
  An endoplasm (D:1)
  2 giant cockroaches (D:1)
  4 goblins (D:1)
  2 hobgoblins (D:1)
  2 jackals (D:1)
  A kobold (D:1)
  A quokka (D:1)
  A ball python (D:1)
  2 frilled lizards (D:1)
  A rat (D:1)
22 creatures vanquished.

Notes
Turn   | Place    | Note
-------+----------+-------------------------------------------
     0 | D:1      | Leeroy the Merfolk Transmuter began the quest for the Orb.
     0 | D:1      | Reached XP level 1. HP: 15/15 MP: 3/3
    50 | D:1      | Reached skill level 3 in Dodging
   266 | D:1      | Reached XP level 2. HP: 21/21 MP: 5/5
   373 | D:1      | Upgraded the game from 0.28-a0-95-g65e1ffefe4 to
                  | 0.30-a0-591-g3c58d2bc28
   398 | D:1      | Reached skill level 4 in Dodging
   420 | D:1      | Found a faded altar of an unknown god.
   950 | D:1      | Reached XP level 3. HP: 12/26 MP: 4/6
  1017 | D:1      | HP: 1/26 [goblin/+0 dagger[Robin] (1)]
  1026 | D:2      | Slain by a rat

Illustrated notes

Levels and vault maps discovered:
D:1:      nicolae_arrival_memento_mori, layout_loops_ring,
          shapermc_ecumenical_altar_venn, minmay_tripent
D:2:      layout_rooms, uniq_robin

Skill      XL: |  1  2 |
---------------+-------+-----
Dodging        | 3 4 |  4.6
Fighting       | |  1.1
Unarmed Combat | |  3.2
Spellcasting   | |  2.0
Transmutations | |  2.6

Action                   || total
-------------------------++-------
Melee: Unarmed           ||    78
       Touch             ||     1
       Headbutt          ||     3
       Punch             ||     3
 Cast: Beastly Appendage ||     7
  Use: Scroll            ||     2
Armor: Robe              ||    21
Dodge: Dodged            ||    80

Table legend: (Time is in decaauts)
 A = Elapsed time spent in this place.
 B = Non-inter-level travel time spent in this place.
 C = Inter-level travel time spent in this place.
 D = Time resting spent in this place.
 E = Time spent auto-exploring this place.
 F = Levels seen in this place.
 G = Mean time per level.
                   A        B        C        D        E       F      G
               +--------+--------+--------+--------+--------+-----+--------+
         Total |   1022 |   1009 |     13 |     57 |    782 |   2 |  511.0 |
       Dungeon |   1022 |   1009 |     13 |     57 |    782 |   2 |  511.0 |
               +--------+--------+--------+--------+--------+-----+--------+

Top non-repeatable levels by time:
     D:1: 1010 daAuts
     D:2: 12 daAuts
